 Dungeon Crawl Stone Soup version 0.31-a0-485-gaadceae713 (webtiles) character file.

Game seed: 421967281068487113

1660702 motkurizz the Executioner (level 27, 269/269 HPs)
             Began as a Hill Orc Cinder Acolyte on Aug 7, 2023.
             Was the Champion of Makhleb.
             Escaped with the Orb
             ... and 3 runes!
             The game lasted 04:44:47 (69810 turns).

motkurizz the Executioner (HOCA)                   Turns: 69810, Time: 04:44:48

Health: 269/269    AC: 46    Str: 41    XL:     27
Magic:  36/36      EV: 21    Int: 15    God:    Makhleb [******]
Gold:   1493       SH: 19    Dex:  5    Spells: 26/28 levels left

rFire   + + .        B - +4 consecrated labrys {holy, Valiant Fragile Fly SInv}
rCold   + + .        A - +5 Storm Queen's Shield {shock, Fly rElec}
rNeg    . . .        V - +9 gold dragon scales
rPois   +            c - +2 helmet
rElec   +            z - scarf of Minor Irritation {repulsion, Int+2}
rCorr   .            n - +0 pair of gloves
SInv    +            g - +3 pair of mountain boots {steadfast, rC+}
Will    +++..        h - amulet "Ucku" {Regen+ Str+6} Stlth
                     O - ring of Betovoaf {Drain rF+ Will+ SInv}
HPRegen 1.44/turn    x - ring of the Hare {EV+10}
MPRegen 0.25/turn

%: repel missiles
@: flying, studying 2 skills
A: hooves 1, strong 1
0: Orb of Zot
}: 3/15 runes: serpentine, barnacled, silver
a: Renounce Religion, Minor Destruction, Lesser Servant of Makhleb, Major
Destruction, Greater Servant of Makhleb


You escaped.
You worshipped Makhleb.
Makhleb was exalted by your worship.
You visited 10 branches of the dungeon, and saw 47 of its levels.
You also visited: Trove, Sewer, Volcano and Wizlab.

You collected 7355 gold pieces.
You spent 5862 gold pieces at shops.

Inventory:

Hand Weapons
 a - a +9 broad axe of freezing
 b - a +2 antimagic broad axe
 B - the +4 consecrated labrys (weapon) {holy, Valiant Fragile Fly SInv}
   (You bought it in a shop on level 3 of the Snake Pit)

   Valiant:   It becomes more powerful as more dangerous foes come into view.
   SInv:      It lets you see invisible.
   Fly:       It grants you flight.
   Fragile:   It will be destroyed if unequipped.
 P - the +3 broad axe of the Beginning {chaos, rPois rF+ rN+}
   (You found it in a treasure trove)

   rF:        It protects you from fire.
   rPois:     It protects you from poison.
   rN:        It protects you from negative energy.
Missiles
 y - a throwing net
Armour
 c - a +2 helmet (worn)
 g - the +3 pair of mountain boots (worn) {steadfast, rC+}
   (You found it in a volcano)

   Steadfast: It prevents involuntary movement, except for blinking,
   teleportation, or banishment.
   rC:        It protects you from cold.
 n - a +0 pair of gloves (worn)
 z - the scarf of Minor Irritation (worn) {repulsion, Int+2}
   (You found it on level 4 of the Vaults)

   Int:       It affects your intelligence (+2).
 A - the +5 Storm Queen's Shield (worn) {shock, Fly rElec}
   (You acquired it on level 5 of the Vaults)

   Shock:     When it blocks an attack, it may electrocute the attacker.
   This works even against foes who are a short distance away.
   rElec:     It insulates you from electricity.
   Fly:       It grants you flight.
 F - a scarf of resistance
 V - +9 gold dragon scales (worn)
Jewellery
 h - the amulet "Ucku" (around neck) {Regen+ Str+6}
   (You found it on level 1 of the Vaults)

   [amulet of regeneration]

   Str:       It affects your strength (+6).
   Regen:     It increases your rate of health regeneration.
 m - a ring of resist corrosion
 s - the dreamshard necklace {Acrobat *Dream}
   (You took it off a merfolk aquamancer on level 4 of the Shoals)

   [amulet of the acrobat]

   *Dream:    It absorbs a single lethal wound into itself, holding its wearer
   just short of death and releasing dream-creatures to guard them.
   It increases your evasion while moving and waiting.
 v - the ring "Moverphoch" {*Corrode rC+ Str+3 Int+5}
   (You found it on level 5 of the Realm of Zot)

   [ring of protection from cold]

   Str:       It affects your strength (+3).
   Int:       It affects your intelligence (+5).
   rC:        It protects you from cold.
   *Corrode:  It may corrode you when you take damage.
 x - the ring of the Hare (right hand) {EV+10}
   (You bought it in a shop on level 4 of the Snake Pit)

   [ring of evasion]

   EV:        It affects your evasion (+10).
 E - the amulet "Ragireiq" {Reflect Str+4 SH+5}
   (You took it off a vault warden on level 1 of the Vaults)

   [amulet of reflection]

   It reflects blocked missile attacks.
   Str:       It affects your strength (+4).
   SH:        It affects your SH (+5).
 K - the ring "Xoidai" {Will+ AC+4 Dex+2}
   (You bought it in a shop on level 3 of the Vaults)

   [ring of protection]

   AC:        It affects your AC (+4).
   Dex:       It affects your dexterity (+2).
   Will:      It increases your willpower.
 O - the ring of Betovoaf (left hand) {Drain rF+ Will+ SInv}
   (You took it off a vault sentinel on level 1 of the Vaults)

   [ring of willpower]

   rF:        It protects you from fire.
   SInv:      It lets you see invisible.
   Drain:     It drains your maximum health when unequipped.
   Will:      It increases your willpower.
Wands
 d - a wand of mindburst (33)
 p - a wand of charming (24)
 q - a wand of quicksilver (23)
 r - a wand of roots (33)
 G - a wand of digging (4)
Scrolls
 k - 11 scrolls of teleportation
 u - 3 scrolls of blinking
 w - 8 scrolls of poison
 H - a scroll of silence
 I - 7 scrolls of fear
 N - 2 scrolls of summoning
 R - 2 scrolls of brand weapon
 T - 8 scrolls of immolation
 U - 2 scrolls of enchant weapon
 Z - a scroll of fog
Potions
 e - 5 potions of heal wounds
 f - 5 potions of berserk rage
 i - a potion of brilliance
 j - a potion of invisibility
 l - 8 potions of mutation
 o - 2 potions of enlightenment
 t - 24 potions of curing
 C - 5 potions of might
 M - 13 potions of attraction
 W - 3 potions of cancellation
 Y - 5 potions of ambrosia
Miscellaneous
 D - a phial of floods
 J - a condenser vane
 L - a lightning rod (1/4)
 S - a phantom mirror


   Skills:
 - Level 26.0 Fighting
 - Level 26.0 Axes
 - Level 26.0 Armour
 + Level 14.3 Dodging
 - Level 21.0 Shields
 - Level 1.0 Spellcasting
 - Level 5.0 Fire Magic
 - Level 18.0 Invocations
 - Level 10.0 Evocations


You had 26 spell levels left.
You knew the following spells:

 Your Spells              Type           Power      Damage    Failure   Level
f - Scorch                Fire           30%        2d6       21%         2

Your spell library contained the following spells:

 Spells                   Type           Power      Damage    Failure   Level
 Foxfire                  Conj/Fire      32%        2x1d5     36%         1
 Freeze                   Ice            0%         1d3       71%         1
 Necrotise                Necr           0%         1d4       71%         1
 Sandblast                Erth           0%         2d4       71%         1
 Inner Flame              Hex/Fire       8%         N/A       73%         3
 Blink                    Tloc           0%         N/A       83%         2
 Cigotuvi's Dreadful Rot  Necr/Pois/Air  0%         N/A       83%         2
 Ensorcelled Hibernation  Hex/Ice        0%         N/A       83%         2
 Lesser Beckoning         Tloc           0%         N/A       83%         2
 Momentum Strike          Conj/Tloc      0%         3d8       83%         2
 Passwall                 Tmut/Erth      0%         N/A       83%         2
 Static Discharge         Conj/Air       0%         2-2/arc   83%         2
 Wereblood                Tmut           0%         N/A       83%         2
 Ignite Poison            Fire/Tmut/Pois 5%         N/A       85%         3
 Confusing Touch          Hex            0%         N/A       97%         3
 Frozen Ramparts          Ice            0%         1d1       97%         3
 Gell's Gravitas          Tloc           0%         N/A       97%         3
 Hailstorm                Conj/Ice       0%         3d3       97%         3
 Portal Projectile        Hex/Tloc       0%         N/A       97%         3
 Stone Arrow              Conj/Erth      0%         3d7       97%         3
 Teleport Other           Tloc           0%         N/A       97%         3
 Tukima's Dance           Hex            0%         N/A       97%         3
 Vampiric Draining        Necr           0%         2d6       97%         3
 Vhi's Electric Charge    Tloc/Air       0%         N/A       97%         3
 Flame Wave               Conj/Fire      8%         2d5       98%         4
 Sticky Flame             Conj/Fire      8%         2d3       98%         4
 Airstrike                Air            0%         2d(0-16)  100%        4
 Anguish                  Hex/Necr       0%         N/A       100%        4
 Animate Armour           Summ/Erth      0%         N/A       100%        4
 Iskenderun's Mystic Bla  Conj/Tloc      0%         2d3       100%        4
 Leda's Liquefaction      Hex/Erth       0%         N/A       100%        4
 Manifold Assault         Tloc           0%         N/A       100%        4
 Passage of Golubria      Tloc           0%         N/A       100%        4
 Petrify                  Tmut/Erth      0%         N/A       100%        4
 Summon Lightning Spire   Summ/Air       0%         N/A       100%        4
 Agony                    Necr           0%         N/A       100%        5
 Arcjolt                  Conj/Air       0%         1d10      100%        5
 Freezing Cloud           Conj/Ice/Air   0%         6-21      100%        5
 Irradiate                Conj/Tmut      0%         3d11      100%        5
 Lee's Rapid Deconstruct  Erth           0%         3d4*      100%        5
 Metabolic Englaciation   Hex/Ice        0%         N/A       100%        5
 Silence                  Hex/Air        0%         N/A       100%        5
 Summon Forest            Summ/Tloc      0%         N/A       100%        5
 Summon Mana Viper        Hex/Summ       0%         N/A       100%        5
 Yara's Violent Unravell  Hex/Tmut       0%         3d3       100%        5
 Dispersal                Tloc           0%         N/A       100%        6
 Leda's Unmaking          Conj/Erth      0%         9d1       100%        6
 Plasma Beam              Fire/Air       4%         2x1d14    100%        6
 Starburst                Conj/Fire      4%         6d3       100%        6
 Summon Cactus Giant      Summ           0%         N/A       100%        6
 Enfeeble                 Hex            0%         N/A       100%        7
 Disjunction              Tloc           0%         N/A       100%        8
 Ignition                 Fire           7%         3d5       100%        8
 Lehudib's Crystal Spear  Conj/Erth      0%         10d2      100%        8
 Chain Lightning          Conj/Air       0%         N/A       100%        9
 Fire Storm               Conj/Fire      4%         8d1       100%        9
 Shatter                  Erth           0%         3d5*      100%        9


Dungeon Overview and Level Annotations

Branches:
Dungeon (15/15)            Temple (1/1) D:7            Lair (5/5) D:8
 Shoals (4/4) Lair:2        Snake (4/4) Lair:3        Slime (0/5) Lair:5
    Orc (2/2) D:9             Elf (2/3) Orc:2        Vaults (5/5) D:14
  Crypt (0/3) Vaults:2     Depths (4/4) D:15            Zot (5/5) Depths:4
  Sewer (visited)         Volcano (visited)          WizLab (visited)

Altars:
Ashenzari
Cheibriados
Dithmenos
Elyvilon
Fedhas
Gozag
Hepliaklqana
Kikubaaqudgha
Makhleb
Nemelex Xobeh
Okawaru
Qazlal
Ru
Sif Muna
Trog
Uskayaw
Vehumet
Wu Jian
Xom
Yredelemnul
Zin
The Shining One
Beogh
Jiyva
Lugonu

Shops:
Orc:2 **!   Elf:2 [   Snake:3 [*[*   Snake:4 =   Vaults:3 =   Vaults:4 ?
Depths:2 *

Portals:
Hell: Depths:1 Depths:2 Depths:3 Depths:4
Abyss: Lair:5
Pandemonium: Depths:2
Ziggurat: Depths:3

Annotations:
D:5 exclusion: upstairs
D:10 2 runed translucent doors
Lair:3 exclusion: 2 oklob plants
Lair:4 exclusion: downstairs
Shoals:1 exclusion: downstairs
Shoals:3 exclusions: door and downstairs
Snake:2 exclusion: 2 downstairs
Snake:3 exclusion: downstairs
Zot:1 exclusions: downstairs and 7 more exclusions
Zot:3 1 exclusion
Zot:4 1 exclusion


Innate Abilities, Weirdness & Mutations

You have large cloven feet.
Your muscles are strong. (Str +4, Int/Dex -1)


Message History

The poison arrow misses you.
You barely miss the green death.
The green death is almost dead.
The green death gestures at you. The blast of poison misses you.
You chop the green death into pieces!!!
You kill the green death!
Makhleb accepts your kill.
What level of the Dungeon? (default 1, ? - help)
There is a stone staircase leading up here.
You fly upwards.
There is a stone staircase leading down here.
There is a stone staircase leading up here.
You fly upwards.
There is a stone staircase leading down here.
A hell beast comes into view.
The hell beast misses you. You block the hell beast's attack.
Unknown command.
You slice the hell beast!!
The hell beast convulses!
The hell beast is moderately wounded.
The hell beast barely misses you. The hell beast closely misses you.
You slice the hell beast!!
The hell beast convulses!!
The hell beast is almost dead.
You block the hell beast's attack.
Your shield discharges, shocking the hell beast!
You kill the hell beast!
Makhleb accepts your kill.
There is a stone staircase leading up here.
You fly upwards.
There is a stone staircase leading down here.
What level of the Dungeon? (default 1, ? - help) You're already here!
You see here a +0 robe.
You reach down and open the door.
There is an open door here.
You see here a +0 dagger.
There is a stone staircase leading down here.
You see here a +0 club.
There is a staircase leading out of the dungeon here.
You have escaped!

####'#####
###......†....######
#.# #...........# #
#.##
##########'#######
### #..# #..##
##.##..... ..# ##.#
##..# #.###..... ..#
#.# ##.# #.###.....
..# #.##
##.#####.##..... ..#
#..#
###....###.##.....
..######.##
#@..#...#.###.....
......##..#
##.###.#### #.....
#÷###.###.#### ##.#
#.# ###### #.#.#.#
#....# #..# #.##
.[#.#.# ####.#
#.####..### #
#..'#'## #.#
#.###..#..## ##
#......#
#.###..##.###..# #.
#......#
#..###.....###.# #.
#......#
##..#.#..###
#.######.


There were no monsters in sight!

Vanquished Creatures
  7 ancient liches
  8 dread liches (Zot:5)
  The ghost of stpyramids the Champion of Chaos, a legendary DDFi of Makhleb (Zot:4)
  2 orbs of fire (Zot:5)
  A pandemonium lord (Zot:5)
  Sojobo (Vaults:4)
  Frederick (Depths:4)
  Margery (Depths:4)
  3 Killer Klowns
  The ghost of motkuripss the Slayer, a master VSFi of Uskayaw (Zot:5)
  Nikola (Shoals:2)
  the Enchantress (Depths:4)
  8 golden dragons
  Norris (Depths:2)
  A bone dragon (Depths:4)
  Jorgrun (Snake:1)
  7 tentacled monstrosities
  An electric golem (Zot:5)
  22 Orb Guardians (Zot:5)
  An Ice Fiend (D:9)
  Mlioglotl (Snake:1)
  A deep elf blademaster (Elf:2)
  5 quicksilver dragons
  A lich (Depths:2)
  3 titans (Vaults:5)
  A walking divine tome (Depths:2)
  7 sphinxes
  Gastronok (D:11)
  9 death cobs
  Polyphemus (Shoals:2)
  Frances (D:12)
  10 storm dragons
  A kraken (Shoals:1)
  9 tengu reavers
  Kirke (Snake:1)
  11 shadow dragons
  9 nagarajas
  2 fenstrider witches (Depths:3)
  5 fire giants
  2 iron dragons
  A ghost moth (Zot:5)
  3 draconian knights
  9 draconian monks
  A deep elf sorcerer (Vaults:5)
  5 frost giants
  8 draconian scorchers
  2 spectral caustic shrikes (Depths:1)
  2 balrugs (Depths:2)
  19 vault wardens
  A curse skull (Vaults:2)
  5 draconian shifters
  A draconian stormcaller (Depths:4)
  An angel (Shoals:3)
  A cacodemon (Depths:2)
  19 ironbound preservers
  4 orc warlords
  A war gargoyle (Vaults:5)
  3 spriggan defenders
  5 ironbound thunderhulks (Vaults:1)
  13 very ugly things
  4 draconian annihilators
  14 stone giants
  An elemental wellspring (Depths:3)
  A vampire knight (Depths:2)
  3 formless jellyfish
  The ghost of Voda the Gelid, an adept FeCK of Xom (Vaults:2)
  6 green draconians
  15 red draconians
  12 dire elephants (Vaults:1)
  11 black draconians
  2 deep elf annihilators (Vaults:5)
  2 eleionomae (Depths:3)
  8 purple draconians
  Snorg (D:10)
  3 spark wasps
  10 yellow draconians
  An iron golem (Depths:2)
  3 deep elf death magi
  A green death (D:4)
  8 white draconians
  18 merfolk impalers
  An eidolon (Vaults:2)
  A crystal guardian (Vaults:1)
  9 ettins
  2 entropy weavers
  8 fire dragons
  5 merfolk javelineers
  Josephine (Lair:4)
  9 great orbs of eyes
  11 yaktaur captains
  2 deep elf high priests
  2 rakshasas
  A catoblepas (Shoals:2)
  29 vault guards
  4 hydras
  A peacekeeper (Vaults:1)
  6 salamander tyrants
  2 ogre magi (Vaults:5)
  2 hell beasts
  4 spriggan air magi
  12 ironbound frosthearts
  15 anacondas
  2 merfolk avatars
  12 centaur warriors
  3 alligator snapping turtles
  13 dancing weapons
  5 satyrs
  6 boulder beetles
  8 merfolk aquamancers
  2 deep troll shamans
  7 two-headed ogres
  5 death yaks
  18 naga warriors
  4 thrashing horrors (Lair:5)
  9 tengu warriors
  A vampire mage (D:15)
  A deep troll earth mage (D:13)
  The ghost of Yorgos the Martial Artist, a novice DsSh (D:9)
  9 naga sharpshooters
  A titan zombie (Vaults:2)
  9 spriggan berserkers
  Sonja (Lair:5)
  12 hell knights
  12 shock serpents
  Nergalle (D:10)
  6 orc high priests
  2 deep elf knights
  A soul eater (Zot:5)
  A storm dragon zombie (D:15)
  An iron troll (Depths:1)
  13 salamander mystics
  6 skysharks
  2 skeletal warriors
  2 sixfirhies
  9 sea snakes
  2 deep elf archers (Elf:2)
  A shadow demon (D:14)
  3 flayed ghosts
  3 cherubim (Shoals:4)
  5 naga ritualists
  3 glowing orange brains
  13 ironbound convokers
  3 wizards
  53 deep trolls
  24 harpies
  13 orc knights
  10 lindwurms
  2 frost giant zombies
  10 deep elf pyromancers
  8 phantasmal warriors
  8 mana vipers
  10 orc sorcerers
  11 deep elf zephyrmancers
  A fire giant zombie (D:15)
  6 necromancers
  22 ugly things
  14 fauns
  16 moths of wrath
  28 salamanders
  10 manticores
  9 cyclopes
  A human skeleton (Vaults:2)
  11 elephants
  Maurice (D:11)
  29 naga magi
  An eye of devastation (WizLab)
  23 vault sentinels
  8 merfolk sirens
  Joseph (D:7)
  46 black mambas
  A gargoyle (D:12)
  A water nymph (Shoals:1)
  A molten gargoyle (Volcano)
  12 guardian serpents
  2 smoke demons (Lair:5)
  2 unseen horrors (D:12)
  A torpor snail (Lair:1)
  11 rime drakes
  8 cane toads
  2 tengu conjurers
  Psyche (D:11)
  3 dryads (Depths:3)
  An ice devil (Zot:5)
  32 yaktaurs
  7 komodo dragons
  4 freezing wraiths
  7 trolls
  2 red devils
  A guardian mummy (D:15)
  A polar bear (Lair:5)
  A tyrant leech (shapeshifter) (Vaults:1)
  A meliai (shapeshifter) (Vaults:5)
  A meliai (D:10)
  6 hornets
  A queen bee (Lair:3)
  36 merfolk
  3 wind drakes
  A raiju (Lair:5)
  4 snapping turtles
  7 blink frogs (Lair:5)
  11 dream sheep
  Sigmund (D:6)
  16 slime creatures
  A large abomination (Lair:5)
  A vampire (D:13)
  A jumping spider (shapeshifter) (Vaults:5)
  A shadow (D:9)
  11 water elementals
  5 air elementals
  5 wyverns
  7 fire bats
  4 ynoxinuls
  13 basilisks
  9 spriggans
  12 wraiths
  36 yaks
  16 fire elementals
  A chaos spawn (Lair:5)
  8 redbacks (Elf:2)
  2 hogs (Snake:1)
  4 steam dragons
  13 vampire mosquitoes
  A warg (Orc:1)
  2 human zombies
  53 nagas
  3 acid dragons
  Edmund (D:4)
  27 water moccasins
  2 hell hounds (Volcano)
  Duvessa (D:5)
  A floating eye (shapeshifter) (Vaults:4)
  2 floating eyes
  5 black bears
  34 orc warriors
  An ice beast (D:7)
  A sky beast (D:7)
  7 centaurs
  10 wolves
  9 ogres
  2 phantoms
  7 kobold brigands
  Blork the orc (D:5)
  15 bullfrogs
  A scorpion (Lair:3)
  An earth elemental (Elf:1)
  4 gnoll sergeants
  4 wights
  Dowan (D:5)
  61 killer bees
  3 electric eels
  6 lava snakes (Volcano)
  A howler monkey (D:7)
  4 hounds
  Crazy Yiuf (D:7)
  A gnoll bouda (D:7)
  6 jellies
  19 orc priests
  26 orc wizards
  7 iguanas
  A hell rat (Lair:3)
  7 small abominations (Lair:5)
  27 gnolls
  9 adders
  5 river rats
  A white imp (D:7)
  2 ufetubi
  2 worms
  4 dart slugs
  71 orcs
  14 endoplasms
  6 giant cockroaches
  11 goblins
  8 hobgoblins
  10 jackals
  24 kobolds
  6 quokkas
  13 ball pythons
  19 bats
  3 frilled lizards
  32 rats
  A snaplasher vine (Depths:3)
2047 creatures vanquished.

Vanquished Creatures (collateral kills)
  Bai Suzhen (Snake:3)
  2 Killer Klowns (Zot:5)
  2 golden dragons
  An electric golem (Zot:5)
  A lich (Depths:1)
  3 Orb Guardians (Zot:5)
  A titan (Depths:1)
  A quicksilver dragon (Vaults:5)
  4 shadow dragons
  Aizul (Snake:3)
  A draconian monk (Zot:5)
  A nagaraja (Snake:4)
  A deep elf sorcerer (Elf:1)
  2 fire giants
  2 spectral caustic shrikes (Depths:1)
  An ironbound preserver (Vaults:1)
  A draconian shifter (Zot:5)
  Louise (Elf:2)
  2 ironbound thunderhulks (Vaults:2)
  3 stone giants
  9 very ugly things
  2 green draconians (Zot:5)
  A purple draconian (Zot:5)
  A deep elf annihilator (Elf:1)
  A yellow draconian (Depths:4)
  An ettin (Depths:4)
  A merfolk impaler (Shoals:4)
  2 yaktaur captains
  A great orb of eyes (Vaults:1)
  2 vault guards (Vaults:5)
  An ice dragon (Depths:1)
  A spriggan air mage (Depths:4)
  3 anacondas (Snake:4)
  A merfolk aquamancer (Shoals:4)
  A merfolk avatar (Shoals:4)
  13 dancing weapons
  A tengu warrior (Depths:3)
  A death yak (Shoals:2)
  An orc high priest (Elf:1)
  3 naga warriors (Snake:4)
  2 shock serpents
  A deep troll earth mage (Depths:1)
  2 naga sharpshooters
  9 deep elf knights
  2 hell knights (Depths:4)
  A spriggan (Depths:4)
  A sea snake (Shoals:1)
  An orc knight (Vaults:5)
  A naga ritualist (Snake:4)
  8 deep elf archers (Elf:1)
  A mana viper (Snake:4)
  13 deep elf pyromancers
  11 deep elf zephyrmancers
  5 ugly things
  A cyclops (Shoals:1)
  A salamander (Snake:4)
  An orc sorcerer (Elf:2)
  7 black mambas
  A guardian serpent (Snake:4)
  A water nymph (Shoals:4)
  A merfolk siren (Shoals:3)
  3 naga magi
  A vault sentinel (Vaults:2)
  A komodo dragon (D:11)
  4 yaktaurs
  A tengu conjurer (Depths:1)
  A queen bee (shapeshifter) (Lair:5)
  A merfolk (Shoals:1)
  A hornet (Depths:4)
  2 dream sheep (Shoals:1)
  2 blink frogs (Lair:5)
  A small abomination (Lair:5)
  3 water elementals
  4 nagas
  A black bear (shapeshifter) (Lair:5)
  An earth elemental (Elf:1)
  An orc wizard (Elf:1)
  3 tentacles (Shoals:1)
181 creatures vanquished.

Vanquished Creatures (others)
  A tengu reaver (Vaults:4)
  A vault warden (Vaults:1)
  An ironbound thunderhulk (Vaults:1)
  A white draconian (Zot:5)
  A sun demon (Volcano)
  A deep troll (Vaults:5)
  A wizard (Vaults:1)
  An ironbound convoker (Vaults:4)
  A mana viper (Snake:1)
  A salamander (Snake:4)
  A cane toad (Lair:5)
  A merfolk (Shoals:4)
  A water elemental (Shoals:2)
  2 humans (Snake:1)
  2 nagas
  A hell hound (Volcano)
  An orc priest (Orc:2)
  3 orcs
  23 foxfires
  2 starspawn tentacles (Snake:1)
  5 tentacles (Shoals:1)
52 creatures vanquished.

Grand Total: 2280 creatures vanquished

Notes
Turn   | Place    | Note
-------+----------+-------------------------------------------
     0 | D:1      | motkurizz the Hill Orc Cinder Acolyte began the quest for
                  | the Orb.
     0 | D:1      | Reached XP level 1. HP: 19/19 MP: 2/2
   204 | D:1      | Reached XP level 2. HP: 7/27 MP: 3/3
   207 | D:1      | Learned a level 2 spell: Scorch
  1143 | D:1      | Reached XP level 3. HP: 28/33 MP: 0/4
  1755 | D:2      | Reached skill level 5 in Fire Magic
  1919 | D:2      | Reached XP level 4. HP: 37/40 MP: 5/5
  2850 | D:2      | Reached skill level 1 in Armour
  3163 | D:3      | Reached XP level 5. HP: 32/47 MP: 3/6
  3165 | D:3      | Reached skill level 5 in Axes
  3303 | D:3      | Found a sparkling altar of Nemelex Xobeh.
  4076 | D:4      | Found a glowing drain.
  4097 | Sewer    | Entered a sewer
  4282 | Sewer    | Reached XP level 6. HP: 52/55 MP: 4/7
  4342 | Sewer    | Reached skill level 5 in Fighting
  4345 | Sewer    | Reached XP level 7. HP: 55/61 MP: 8/8
  4991 | D:4      | Found a shadowy altar of Dithmenos.
  5291 | D:4      | Noticed Edmund
  5300 | D:5      | Entered Level 5 of the Dungeon
  5370 | D:5      | Reached XP level 8. HP: 22/70 MP: 0/9
  5645 | D:5      | Noticed Dowan
  5646 | D:5      | Noticed Duvessa
  5667 | D:5      | Killed Dowan
  5671 | D:5      | Killed Duvessa
  6003 | D:5      | Noticed Blork the orc
  6013 | D:5      | Killed Blork the orc
  6527 | D:5      | Reached skill level 5 in Armour
  6832 | D:5      | Reached skill level 10 in Axes
  7196 | D:6      | You fall into a shaft and drop 3 floors!
  7324 | D:9      | Found a runed translucent door.
  7324 | D:9      | Noticed Yorgos's ghost (novice DsSh)
  7368 | D:9      | Found a viscous altar of Jiyva.
  7389 | D:9      | Reached XP level 9. HP: 79/79 MP: 10/10
  7390 | D:9      | Reached skill level 1 in Evocations
  7761 | D:9      | Found an iron altar of Okawaru.
  7763 | D:9      | Found a runed translucent door.
  7768 | D:9      | Noticed a two-headed ogre
  7769 | D:9      | Found the +0 toga "Victory" {*Victory Clar}
  8153 | D:8      | Reached skill level 1 in Shields
  8176 | D:8      | Found a staircase to the Lair.
  8202 | D:8      | Reached XP level 10. HP: 65/90 MP: 7/11
  8271 | D:8      | Noticed a cyclops
  8916 | D:6      | Noticed Sigmund
  8940 | D:6      | Killed Sigmund
  9141 | D:6      | Found a glowing silver altar of Zin.
  9141 | D:6      | Found an opulent altar of Gozag.
  9399 | D:7      | Found a basalt altar of Yredelemnul.
  9759 | D:7      | Found a glowing golden altar of the Shining One.
  9825 | D:7      | Found a staircase to the Ecumenical Temple.
  9867 | Temple   | Entered the Ecumenical Temple
  9917 | D:7      | Noticed Joseph
  9931 | D:7      | Killed Joseph
  9932 | D:7      | Reached skill level 10 in Fighting
 10136 | D:7      | Found a burning altar of Makhleb.
 10157 | D:7      | Found a snail-covered altar of Cheibriados.
 10171 | D:7      | Reached XP level 11. HP: 99/99 MP: 12/12
 10348 | D:7      | Found a runed translucent door.
 10349 | D:7      | Noticed Crazy Yiuf
 10536 | D:7      | Killed Crazy Yiuf
 10711 | D:8      | Killed a cyclops
 11004 | D:8      | Reached skill level 15 in Axes
 11160 | D:8      | Found a bloodstained altar of Trog.
 11299 | Lair:1   | Entered Level 1 of the Lair of Beasts
 13383 | Lair:2   | Found a staircase to the Shoals.
 13544 | Lair:2   | Reached XP level 12. HP: 90/110 MP: 13/13
 13548 | Lair:2   | Reached skill level 10 in Armour
 13655 | Lair:2   | Noticed a five-headed hydra
 13676 | Lair:2   | Killed a one-headed hydra
 14105 | Lair:3   | Found a dark tunnel.
 14319 | Volcano  | Entered a volcano
 14641 | Volcano  | Found the +3 pair of mountain boots {steadfast, rC+}
 14661 | Volcano  | Found a burning altar of Makhleb.
 14661 | Volcano  | Noticed a sun demon
 14677 | Volcano  | Killed a sun demon
 15096 | Lair:3   | Found a staircase to the Snake Pit.
 15123 | Lair:3   | Noticed a boulder beetle
 15160 | Lair:3   | Killed a boulder beetle
 15600 | Lair:5   | Entered Level 5 of the Lair of Beasts
 15622 | Lair:4   | Noticed a boulder beetle
 15638 | Lair:4   | Killed a boulder beetle
 15639 | Lair:4   | Reached XP level 13. HP: 89/122 MP: 14/14
 15920 | D:7      | Fell from the grace of Ignis
 15920 | D:7      | Became a worshipper of Makhleb the Destroyer
 16666 | Lair:3   | Reached * piety under Makhleb
 17343 | Lair:4   | Found an ornate altar of the Wu Jian Council.
 17828 | Lair:4   | Reached ** piety under Makhleb
 18122 | Lair:4   | Noticed Josephine
 18135 | Lair:4   | Killed Josephine
 18725 | Lair:4   | Was forgiven by Ignis
 19057 | Lair:4   | Identified the +1 ring mail of the Heavens {Dex+4}
 19191 | Lair:4   | Reached skill level 1 in Invocations
 19220 | Lair:5   | Identified the +1 leather armour of Hangman {Harm +Inv rN+
                  | Slay+3}
 19735 | Lair:5   | Reached XP level 14. HP: 85/133 MP: 16/16
 19854 | Lair:5   | Found a viscous altar of Jiyva.
 19882 | Lair:5   | Found a staircase to the Slime Pits.
 19996 | Lair:5   | Reached skill level 5 in Invocations
 20014 | Lair:5   | Reached skill level 15 in Fighting
 20173 | Lair:5   | Noticed Sonja
 20186 | Lair:5   | Killed Sonja
 20186 | Lair:5   | Reached *** piety under Makhleb
 21054 | Lair:5   | Found a corrupted altar of Lugonu.
 21054 | Lair:5   | Found a one-way gate to the infinite horrors of the Abyss.
 21777 | D:9      | Found a runed translucent door.
 21800 | D:9      | Found a blossoming altar of Fedhas.
 21811 | D:9      | Reached **** piety under Makhleb
 21830 | D:9      | Found an opulent altar of Gozag.
 21841 | D:9      | Found a hide-covered altar of Uskayaw.
 21850 | D:9      | Found a white marble altar of Elyvilon.
 21925 | D:9      | Found a shadowy altar of Dithmenos.
 21964 | D:9      | Found a white marble altar of Elyvilon.
 22099 | D:9      | Found a staircase to the Orcish Mines.
 22459 | Orc:1    | Entered Level 1 of the Orcish Mines
 23030 | Orc:2    | Entered Level 2 of the Orcish Mines
 23064 | Orc:2    | Noticed an orc warlord
 23079 | Orc:1    | Reached ***** piety under Makhleb
 23447 | Orc:1    | Killed an orc warlord
 24079 | Orc:2    | Found a roughly hewn altar of Beogh.
 24177 | Orc:2    | Found Cufresur's Distillery.
 24237 | Orc:2    | Reached skill level 10 in Invocations
 24287 | Orc:2    | Reached XP level 15. HP: 50/144 MP: 22/22
 24527 | Orc:2    | Found Jos Juov's Assorted Antiques.
 24528 | Orc:2    | Found Adew's Assorted Antiques.
 24528 | Orc:2    | Found Girr's Armour Shop.
 24535 | Orc:2    | Bought a potion of haste for 160 gold pieces
 24535 | Orc:2    | Bought a potion of enlightenment for 80 gold pieces
 24538 | Orc:2    | Bought a potion of curing for 96 gold pieces
 24548 | Orc:2    | Bought a heavily runed cloak for 199 gold pieces
 24548 | Orc:2    | Identified the +1 cloak "Feinom" {rN+} (You bought it in a
                  | shop on level 2 of the Orcish Mines)
 24616 | Orc:2    | Found a staircase to the Elven Halls.
 24813 | Orc:2    | Bought a potion of lignification for 48 gold pieces
 24813 | Orc:2    | Bought a potion of attraction for 48 gold pieces
 24816 | Orc:2    | Bought a scroll of identify for 64 gold pieces
 24817 | Orc:2    | Bought a scroll of identify for 64 gold pieces
 24818 | Orc:2    | Bought 3 scrolls of identify for 192 gold pieces
 24821 | Orc:2    | Bought a scroll of identify for 64 gold pieces
 24827 | Orc:2    | Bought a potion of curing for 48 gold pieces
 24827 | Orc:2    | Bought a potion of curing for 48 gold pieces
 24954 | D:9      | Killed Yorgos's ghost
 25420 | D:4      | Killed Edmund
 25685 | D:10     | Entered Level 10 of the Dungeon
 25743 | D:10     | Noticed Nergalle
 25749 | D:10     | Killed Nergalle
 25847 | D:10     | Noticed Snorg
 25859 | D:10     | Killed Snorg
 25945 | D:10     | Found a runed translucent door.
 25947 | D:10     | Found a runed translucent door.
 26611 | D:10     | Reached skill level 15 in Armour
 26970 | D:11     | Noticed Psyche
 26975 | D:11     | Killed Psyche
 27069 | D:11     | Noticed Maurice
 27077 | D:11     | Killed Maurice
 27310 | D:11     | Noticed Gastronok
 27332 | D:11     | Killed Gastronok
 28027 | D:12     | Reached ****** piety under Makhleb
 28060 | D:12     | Noticed Frances
 28075 | D:12     | Killed Frances
 29112 | D:13     | Found a runed translucent door.
 29112 | D:13     | Noticed a fire giant
 29143 | D:13     | Killed a fire giant
 29436 | D:14     | Found a gate to the Vaults.
 30192 | D:15     | Entered Level 15 of the Dungeon
 30290 | D:15     | Found a staircase to the Depths.
 30561 | D:15     | Reached XP level 16. HP: 155/155 MP: 26/26
 31354 | Depths:1 | Entered Level 1 of the Depths
 31572 | Snake:1  | Entered Level 1 of the Snake Pit
 31603 | Snake:1  | Reached skill level 5 in Evocations
 32072 | Elf:1    | Entered Level 1 of the Elven Halls
 32197 | Shoals:1 | Entered Level 1 of the Shoals
 32455 | Shoals:1 | Reached XP level 17. HP: 114/163 MP: 27/27
 33319 | Shoals:1 | Noticed a kraken
 33331 | Shoals:1 | Killed a kraken
 33896 | Shoals:2 | Noticed Nikola
 33991 | Shoals:2 | Killed Nikola
 34567 | Shoals:2 | Reached skill level 15 in Invocations
 34828 | Shoals:2 | Noticed Polyphemus
 34841 | Shoals:2 | Killed Polyphemus
 36291 | Shoals:3 | Reached XP level 18. HP: 176/176 MP: 29/29
 36583 | Shoals:4 | Entered Level 4 of the Shoals
 37221 | Elf:1    | Paralysed by an air elemental for 1 turns
 37227 | Elf:1    | Paralysed by an air elemental for 1 turns
 37799 | Elf:1    | Paralysed by an air elemental for 1 turns
 37844 | Elf:1    | Paralysed by an air elemental for 1 turns
 37847 | Elf:1    | Paralysed by an air elemental for 1 turns
 38442 | Elf:2    | Found a magical portal.
 38458 | WizLab   | Entered Lehudib's Moon Base
 38599 | Elf:2    | Noticed Louise
 38605 | Elf:2    | Found Tion's Antique Armour Emporium.
 38607 | Elf:2    | Killed Louise
 39121 | Elf:2    | Found a runed translucent gate.
 39123 | Elf:2    | Found a runed translucent gate.
 39123 | Elf:2    | Found a runed translucent gate.
 39168 | Elf:2    | Paralysed by an air elemental for 1 turns
 39290 | Elf:2    | Noticed a deep elf blademaster
 39304 | Elf:2    | Killed a deep elf blademaster
 39392 | Elf:2    | Reached XP level 19. HP: 171/185 MP: 31/31
 40439 | Snake:1  | Noticed Kirke
 40452 | Snake:1  | Killed Kirke
 40459 | Snake:1  | Noticed Mlioglotl
 40484 | Snake:1  | Killed Mlioglotl
 40688 | Snake:1  | Reached skill level 5 in Shields
 40784 | Snake:1  | Noticed Jorgrun
 40816 | Snake:1  | Killed Jorgrun
 41980 | Snake:2  | Reached skill level 10 in Shields
 43150 | Snake:3  | Noticed Bai Suzhen
 43262 | Snake:3  | Killed Bai Suzhen
 43276 | Snake:3  | Noticed Aizul
 43282 | Snake:3  | Killed Aizul
 43315 | Snake:3  | Found Hete's General Store.
 43315 | Snake:3  | Found Ceug Lu Diwk's Antique Armour Shoppe.
 43316 | Snake:3  | Found Juoroxap's Assorted Antiques.
 43318 | Snake:3  | Found Jaelu Hir's Armour Emporium.
 43337 | Snake:3  | Bought a shiny helmet for 270 gold pieces
 43358 | Snake:3  | Bought the +4 consecrated labrys {holy, Valiant Fragile Fly
                  | SInv} for 418 gold pieces
 43358 | Snake:3  | Found the +4 consecrated labrys {holy, Valiant Fragile Fly
                  | SInv}
 43563 | Snake:3  | Reached XP level 20. HP: 192/193 MP: 32/32
 44294 | Snake:4  | Entered Level 4 of the Snake Pit
 45157 | Shoals:4 | Reached skill level 15 in Shields
 45247 | Shoals:4 | Found a white marble altar of Elyvilon.
 45303 | Shoals:4 | Identified the +7 halberd of Kebreba {holy, rF+ Str+3
                  | Dex+3}
 45563 | Shoals:4 | Found a glowing golden altar of the Shining One.
 45845 | Shoals:4 | Got a barnacled rune of Zot
 45880 | Shoals:4 | Found a glowing silver altar of Zin.
 46078 | Shoals:4 | Got Ucrox's Papyrus of Phlogiston and Transportation
 46335 | Vaults:1 | Entered Level 1 of the Vaults
 46906 | Snake:3  | Bought a +0 plate armour of willpower for 480 gold pieces
 47890 | Vaults:1 | Reached XP level 21. HP: 202/202 MP: 33/33
 48081 | Vaults:1 | Identified the amulet "Ragireiq" {Reflect Str+4 SH+5}
 48081 | Vaults:1 | Identified the ring of Betovoaf {Drain rF+ Will+ SInv}
 48150 | Vaults:1 | Identified the amulet "Ucku" {Regen+ Str+6}
 48155 | Vaults:1 | Identified the +2 ring mail of Green Surprise {rPois Will+
                  | MP+9 Str-4}
 48385 | Vaults:1 | Reached skill level 1 in Dodging
 49014 | Vaults:2 | Identified the +0 hat of Qazlal's Castigation {rF- rC++
                  | Int+3}
 49349 | Vaults:2 | Identified the +1 robe of Gozag's Indignation {rF+ rCorr}
 49465 | Vaults:2 | Found a runed translucent gate.
 49466 | Vaults:2 | Found a runed translucent gate.
 49468 | Vaults:2 | Found a runed translucent gate.
 49468 | Vaults:2 | Noticed Voda's ghost (adept FeCK)
 49469 | Vaults:2 | Identified the +3 kite shield of Patterns {Rampage Will+
                  | Dex-2}
 49516 | Vaults:2 | Found a staircase to the Crypt.
 50190 | Depths:1 | Found a broken altar of Ashenzari.
 50384 | Depths:1 | Reached skill level 5 in Dodging
 50452 | Depths:1 | Identified the +1 robe of Crawling {Rampage}
 50503 | Depths:1 | Found a gateway to Hell.
 50511 | Depths:1 | Reached XP level 22. HP: 209/210 MP: 34/34
 50956 | Depths:2 | Found a snail-covered altar of Cheibriados.
 51032 | Depths:2 | Found a one-way gate leading to the halls of Pandemonium.
 51339 | Depths:2 | Found Ritz's General Store.
 51499 | Depths:2 | Paralysed by a floating eye for 2 turns
 51506 | Depths:2 | Paralysed by a floating eye for 4 turns
 52132 | Depths:3 | Noticed Norris
 52164 | Depths:2 | Killed Norris
 52754 | Depths:3 | Got Poobin's Tractate on Fascination
 52996 | Depths:3 | Found a one-way gateway to a ziggurat.
 53064 | Depths:3 | Found a sparkling altar of Nemelex Xobeh.
 53120 | Depths:3 | Found a portal to a secret trove of treasure.
 53385 | Orc:2    | Bought 2 potions of haste for 320 gold pieces
 53643 | Depths:3 | You paid a toll of 8 potions of haste to enter a treasure
                  | trove
 53644 | Trove    | Entered a treasure trove
 53694 | Trove    | Identified the +1 executioner's axe of Fedhas's Approval
                  | {antimagic, Will+ Stlth+}
 53700 | Trove    | Identified the +4 orcbow of Starshine {speed, rPois Str+2
                  | SInv}
 53705 | Trove    | Identified the +3 broad axe of the Beginning {chaos, rPois
                  | rF+ rN+}
 53708 | Trove    | Identified the +2 executioner's axe "Ogidafod" {spect, rC-
                  | Str+8 Int+5}
 53824 | Depths:4 | Entered Level 4 of the Depths
 53824 | Depths:4 | Noticed Margery
 53859 | Depths:4 | Killed Margery
 53859 | Depths:4 | Noticed Frederick
 53885 | Depths:4 | Killed Frederick
 54029 | Depths:4 | Noticed the Enchantress
 55219 | Depths:4 | Reached XP level 23. HP: 180/188 MP: 35/35
 55321 | Depths:4 | Found a gate to the Realm of Zot.
 55552 | Depths:4 | Killed the Enchantress
 56678 | Snake:3  | Bought a phial of floods for 480 gold pieces
 57270 | Vaults:2 | Found a roughly hewn altar of Beogh.
 57321 | Vaults:2 | Killed Voda's ghost
 57522 | Vaults:3 | Identified the +3 leather armour "Kirch" {rPois Stlth+}
 57751 | Vaults:3 | Found Plog's Jewellery Shoppe.
 57759 | Vaults:3 | Bought the ring "Xoidai" {Will+ AC+4 Dex+2} for 580 gold
                  | pieces
 58352 | Vaults:3 | Paralysed by a formless jellyfish for 1 turns
 59017 | Vaults:4 | Identified the scarf of Minor Irritation {repulsion, Int+2}
 59199 | Vaults:4 | Identified the +5 leather armour of Leaves {rElec Will-
                  | rCorr Int+9}
 59495 | Vaults:4 | Identified the +5 ring mail of Inommieg {rF+ rN+}
 59851 | Vaults:4 | Found Leywk's Magic Scroll Shop.
 59856 | Vaults:4 | Noticed Sojobo
 59856 | Vaults:4 | Paralysed by an air elemental for 1 turns
 59866 | Vaults:4 | Killed Sojobo
 59889 | Vaults:4 | Bought a scroll of teleportation for 63 gold pieces
 59889 | Vaults:4 | Bought a scroll of revelation for 157 gold pieces
 59889 | Vaults:4 | Bought a scroll of teleportation for 63 gold pieces
 60161 | Vaults:5 | Entered Level 5 of the Vaults
 60184 | Vaults:5 | Reached XP level 24. HP: 221/235 MP: 35/35
 60906 | Vaults:5 | Identified the +10 lajatang of the Beginning {freeze, rC++
                  | Int-4 Dex+3 Stlth+}
 61229 | Vaults:5 | Identified a scroll of acquirement
 61238 | Vaults:5 | Acquired the +5 Storm Queen's Shield {shock, Fly rElec}
 61238 | Vaults:5 | Found the +5 Storm Queen's Shield {shock, Fly rElec}
 61375 | Vaults:5 | Identified the amulet "Upap" {Spirit Harm Fragile MP+9
                  | Slay+2}
 61586 | Vaults:5 | Got a silver rune of Zot
 61848 | Vaults:5 | Identified the +4 whip "Lyudac" {flame, rPois rC+ MP-9
                  | Dex+4}
 61898 | Vaults:5 | Noticed an ancient lich
 61910 | Vaults:5 | Killed an ancient lich
 62288 | Vaults:5 | Reached XP level 25. HP: 240/241 MP: 35/35
 62471 | Vaults:5 | Identified the +4 hand axe "Wacuh" {protect, rN+ Will+
                  | SInv}
 62483 | Vaults:5 | Identified the staff of Sharkskin {rElec rN+ Will- Int+6
                  | Air}
 62614 | Vaults:5 | Identified the +1 pair of boots of Wrong Decisions {Int+2
                  | SInv}
 62616 | Vaults:5 | Identified the +10 chain mail "Bam Zad" {*Corrode rPois
                  | Str+5}
 63806 | Snake:4  | Identified the +2 rapier "Yppuam" {protect, Will++}
 64200 | Snake:4  | Found Nidoiq's Jewellery Boutique.
 64629 | Snake:4  | Got a serpentine rune of Zot
 64788 | Snake:4  | Bought the ring of the Hare {EV+10} for 1920 gold pieces
 64788 | Snake:4  | Found the ring of the Hare {EV+10}
 65183 | Zot:1    | Entered Level 1 of the Realm of Zot
 65490 | Zot:1    | Reached skill level 10 in Evocations
 65581 | Zot:1    | Noticed an orb of fire
 66040 | Zot:2    | Reached XP level 26. HP: 255/257 MP: 36/36
 66086 | Zot:2    | Identified the +2 orcbow of Hepliaklqana, Feeding {flame,
                  | Fragile rElec Dex+2}
 66619 | Zot:3    | Noticed a Killer Klown
 66680 | Zot:3    | Killed a Killer Klown
 67304 | Zot:5    | Entered Level 5 of the Realm of Zot
 67847 | Zot:5    | Found a runed translucent gate.
 67847 | Zot:5    | Found a runed translucent gate.
 67847 | Zot:5    | Found a runed translucent gate.
 67847 | Zot:5    | Found an ancient bone altar of Kikubaaqudgha.
 67847 | Zot:5    | Noticed stpyramids's ghost (legendary DDFi)
 67847 | Zot:5    | Noticed an ancient lich
 67848 | Zot:5    | Noticed motkuripss's ghost (master VSFi)
 67848 | Zot:5    | Noticed a dread lich
 67848 | Zot:5    | Noticed a dread lich
 67897 | Zot:4    | Killed stpyramids's ghost
 67978 | Zot:5    | Killed a dread lich
 67986 | Zot:5    | Killed motkuripss's ghost
 67989 | Zot:5    | Killed an ancient lich
 68052 | Zot:5    | Killed a dread lich
 68070 | Zot:5    | Identified the ring "Moverphoch" {*Corrode rC+ Str+3 Int+5}
 68072 | Zot:5    | Identified the ring "Sace" {Fire +Blink rElec rCorr Dex-2}
 68082 | Zot:5    | Identified the +0 helmet of the Harvest {Int+4 Dex+2}
 68322 | Zot:5    | Noticed a dread lich
 68322 | Zot:5    | Noticed a dread lich
 68336 | Zot:5    | Killed a dread lich
 68347 | Zot:5    | Killed a dread lich
 68423 | Zot:5    | Noticed a Killer Klown
 68443 | Zot:5    | Killed a Killer Klown
 68587 | Zot:5    | Noticed an ancient lich
 68600 | Zot:5    | Noticed an orb of fire
 68606 | Zot:5    | Killed an ancient lich
 68612 | Zot:5    | Noticed an ancient lich
 68613 | Zot:5    | Killed an orb of fire
 68617 | Zot:5    | Reached skill level 10 in Dodging
 68623 | Zot:5    | Killed an ancient lich
 68624 | Zot:5    | Reached XP level 27. HP: 259/269 MP: 36/36
 68645 | Zot:5    | Noticed a dread lich
 68655 | Zot:5    | Killed a dread lich
 68660 | Zot:5    | Noticed a dread lich
 68662 | Zot:5    | Noticed an ancient lich
 68666 | Zot:5    | Killed a dread lich
 68669 | Zot:5    | Killed an ancient lich
 68799 | Zot:5    | Noticed an orb of fire
 68804 | Zot:5    | Gained mutation: Your magical capacity is low. (-10% MP)
                  | [an orb of fire]
 68808 | Zot:5    | Gained mutation: You are weak. (Str -2) [an orb of fire]
 68812 | Zot:5    | Killed an orb of fire
 68814 | Zot:5    | Noticed an ancient lich
 68814 | Zot:5    | Noticed a dread lich
 68818 | Zot:5    | Paralysed by a dread lich for 5 turns
 68822 | Zot:5    | Noticed an ancient lich
 68823 | Zot:5    | Noticed a dread lich
 68830 | Zot:5    | Killed a dread lich
 68837 | Zot:5    | Killed a dread lich
 68838 | Zot:5    | Killed an ancient lich
 68841 | Zot:5    | Killed an ancient lich
 68939 | Zot:5    | Lost mutation: You are weak. (Str -2) [potion of mutation]
 68939 | Zot:5    | Lost mutation: Your magical capacity is low. (-10% MP)
                  | [potion of mutation]
 68939 | Zot:5    | Gained mutation: Your flesh is cold resistant. (rC+)
                  | [potion of mutation]
 68939 | Zot:5    | Gained mutation: You occasionally lose the ability to read
                  | scrolls when taking damage. [potion of mutation]
 68939 | Zot:5    | Gained mutation: Potions are less effective at restoring
                  | your health. [potion of mutation]
 68940 | Zot:5    | Lost mutation: You occasionally lose the ability to read
                  | scrolls when taking damage. [potion of mutation]
 68940 | Zot:5    | Lost mutation: Your flesh is cold resistant. (rC+) [potion
                  | of mutation]
 68940 | Zot:5    | Lost mutation: Potions are less effective at restoring your
                  | health. [potion of mutation]
 68940 | Zot:5    | Gained mutation: You have large cloven feet. [potion of
                  | mutation]
 68940 | Zot:5    | Gained mutation: Your muscles are strong. (Str +4, Int/Dex
                  | -1) [potion of mutation]
 69212 | Zot:5    | Got the Orb of Zot
 69259 | Zot:5    | Noticed Wudeiffa the pandemonium lord
 69267 | Zot:5    | Killed Wudeiffa the pandemonium lord
 69637 | D:9      | Noticed Xazyduva the pandemonium lord
 69810 | D:$      | Escaped with the Orb!

Illustrated notes

Levels and vault maps discovered:
D:1:      dpeg_arrival_round_a, layout_basic, serial_park_tiny_pond,
          minmay_octomino_e4
D:2:      minmay_razor_zed, layout_basic, minmay_misc_feat_rugged,
          grunt_ministairs_2
D:3:      wad_crossroads, layout_rooms, lemuel_tele_altar, supply_closet_lemuel
D:4:      layout_basic, nicolae_dithmenos_shadow_blocks, portal_sewer_entry_e,
          uniq_edmund
D:5:      layout_basic, lightli_minifort, uniq_blork_the_orc, uniq_duvessa
D:6:      layout_rooms, grunt_temple_overflow_gold_and_silver, uniq_sigmund
D:7:      layout_loops_ring, nicolae_overflow_crystal_walls,
          mainiacjoe_overflow_chevrons, old_standard_altar,
          mainiacjoe_overflow_alcove_2, minmay_temple_entry_waves,
          grunt_ministairs_15, dreamdust_gnoll_farm, uniq_joseph,
          uniq_crazy_yiuf_cottage
D:8:      layout_loops_ring, trog_butcher_becter, minmay_lair_entry_grove
D:9:      due_megacathedral, layout_stronghold,
          nicolae_overflow_guarded_unrand_okawaru_victory, orc_0_dummy,
          hellmonk_ghost_happy_afterlife, jiyva_altar_1
D:10:     minmay_the_grid_triangle_9x9_recursive_2_mashed
          [minmay_the_grid_triangle_9x9_prize_top_heavy,
          minmay_the_grid_triangle_9x9_tough_junction,
          minmay_the_grid_triangle_9x9_corruption,
          minmay_the_grid_triangle_9x9_warning], layout_loops_corners,
          uniq_nergalle, uniq_snorg
D:11:     layout_roguey, uniq_psyche, uniq_maurice, uniq_gastronok
D:12:     layout_loops_ring, nicolae_figureground_pulse, uniq_frances
D:13:     layout_rooms, kennysheep_treasure_room
D:14:     layout_roguey, erik_vaults_1, interstate_on_off
D:15:     gammafunk_depths_entry_grave, layout_irregular_city, serial_rivers,
          chequers_serial_rivers_room_a, chequers_serial_rivers_micro_a,
          chequers_serial_rivers_small_3, chequers_serial_rivers_room_b
Temple:   hellmonk_temple_two_chambers
Lair:1:   wad_woods_minihive, layout_regular_city, serial_bayou_shore_a
Lair:2:   layout_chaotic_city, elwin_shoals_entry_stream
Lair:3:   regret_index_harrowing_hell_hive, layout_loops_ring,
          minmay_snake_entry_six_corridors, enter_volcano_2
Lair:4:   layout_regular_city, basic_altar, pdpol_lair_cavern_descent,
          grunt_megastairs_1, uniq_josephine
Lair:5:   hellmonk_lair_end_abyssal_woods, layout_layer_cave,
          nicolae_slime_entry_slimehenge, uniq_sonja
Shoals:1: layout_shoals
Shoals:2: cheibrodos_shoals_baths, layout_shoals, uniq_polyphemus, uniq_nikola
Shoals:3: layout_shoals, nicolae_shoals_gull_way
Shoals:4: shoals_end_hellmonk_holy_island
Snake:1:  layout_honeycomb, grunt_ministairs_8, uniq_jorgrun, uniq_mlioglotl,
          uniq_kirke
Snake:2:  nicolae_cobra_stairs, layout_basic
Snake:3:  layout_chambers, nicolae_snake_springs, grunt_megastairs_3,
          minmay_shoptagon, uniq_bai_suzhen, uniq_aizul
Snake:4:  snake_pit_salamanders_mu, layout_cave_shapes, serial_shops,
          shop_fountains, hangedman_corner_corridor, serial_bayou_shore_b
Orc:1:    layout_diamond_mine, library_closet
Orc:2:    st_orc_elflike, layout_caves, basic_altar
Elf:1:    layout_loops_corners, minivault_28
Elf:2:    nicolae_elf_blades_crystal_corner, layout_gridlike, serial_shops,
          shop, infiniplex_enter_wizlab_water, drop_trap, grunt_megastairs_5,
          uniq_louise
Vaults:1: vaults_mumra_minichess, nicolae_vaults_big_ls,
          nicolae_vaults_storing_the_good_stuff,
          nicolae_vaults_yaktaur_gun_rack, hangedman_vaults_river_flow,
          nicolae_vaults_house_1, v_pattern_5, nicolae_vaults_closet_pinwheel_4,
          nicolae_vaults_ring_of_whatevers, layout_vaults_omnibox
Vaults:2: biasface_ghost_orc_armoury, nicolae_vaults_lightning_bolt,
          minmay_crypt_entry_simple_statues, hangedman_vaults_restitches,
          st_hourglassy, v_pattern_4, nicolae_vaults_tetromino_T_2,
          ontoclasm_vaults_ring_square, nicolae_vaults_little_squares_6,
          vaults_mumra_chevron_long, hangedman_vaults_stream,
          nicolae_vaults_storage_closets_1, nicolae_vaults_trapezoid_lopsided_1,
          layout_vaults_maze
Vaults:3: nicolae_vaults_twisting_passages, v_misc_15,
          nicolae_vaults_trapezoid_lopsided_1, nicolae_vaults_network_square,
          nicolae_vaults_door_testing_chamber, vaults_mumra_minichess_inversion,
          nicolae_vaults_octothorpe, vaults_dpeg_ring,
          ontoclasm_vaults_ring_square, nicolae_vaults_diamond_1,
          vaults_room_pool, nicolae_vaults_diamond_1,
          layout_vaults_chaotic_city, serial_shops, shop
Vaults:4: vaults_room_grid, nicolae_vaults_network_s, nicolae_vaults_alarming,
          nicolae_vaults_six-pack, v_misc_3, nicolae_vaults_little_guard_posts,
          nicolae_vaults_theta, layout_vaults_omnigrid, serial_shops, shop,
          uniq_sojobo
Vaults:5: serial_shops
Depths:1: layout_honeycomb, pf_hell_entry_tar_river, evilmike_ruin_ashenzari,
          chequers_serial_rivers_large_b, grunt_potential, serial_bayou_shore_b
Depths:2: hourglass_vault, layout_gridville, serial_shops, shop_fountains,
          pan_entry, minmay_staircase_statues_hall_small,
          pf_dread_powers_of_hell, slow_altar_2
Depths:3: nicolae_terramorphic_expanse [nicolae_terramorphic_quarter,
          nicolae_terramorphic_quarter, nicolae_terramorphic_quarter,
          nicolae_terramorphic_quarter, nicolae_terramorphic_quarter,
          nicolae_terramorphic_biome, nicolae_terramorphic_biome,
          nicolae_terramorphic_biome, nicolae_terramorphic_biome],
          layout_gridville, enter_ziggurat_f, hell_entry,
          nemelex_xobeh_ov_fountains_minmay, abyss_entry,
          nicolae_trove_entry_free_sample, minmay_staircase_windowed_small,
          uniq_norris
Depths:4: grunt_zot_entry_alcove, layout_honeycomb,
          ebering_dispersal_statue_hall, hell_entry, st_stairs_12,
          nrook_loot_triangle, minmay_misc_feat_five, uniq_frederick,
          uniq_enchantress, uniq_margery
Zot:1:    layout_gridlike, st_stairs_12
Zot:2:    layout_onion_interference, grunt_megastairs_4
Zot:3:    layout_concentric_octagons
Zot:4:    layout_gridlike, uniq_tiamat
Zot:5:    layout_cathedral_of_symmetry, gammafunk_ghost_crypt, st_stairs_14

Skill      XL: |  1  2  3  4  5  6  7  8  9 10 11 12 13 14 15 16 17 18 19 20 21 22 23 24 25 26 27 |
---------------+----------------------------------------------------------------------------------+-----
Fighting       | 4 5 6 7 8 10 11 13 14 16 17 18 19 20 21 22 23 24 26 | 26.0
Fire Magic     | 4 5 |  5.0
Armour         | 1 2 3 4 5 6 8 9 11 13 14 15 16 17 18 19 20 21 22 24 26 | 26.0
Axes           | 5 7 8 10 12 14 16 19 20 21 22 23 24 25 26 | 26.0
Evocations     | 2 4 6 7 8 9 10 | 10.0
Shields        | 3 13 16 17 18 19 20 21 | 21.0
Invocations    | 3 10 13 14 15 17 18 | 18.0
Dodging        | 5 7 8 10 14 | 14.3
Spellcasting   | |  1.0

Action                     |  1- 3 |  4- 6 |  7- 9 | 10-12 | 13-15 | 16-18 | 19-21 | 22-24 | 25-27 || total
---------------------------+-------+-------+-------+-------+-------+-------+-------+-------+-------++-------
  Melee: Hand axe          |    69 |    86 |   169 |   113 |    18 |    10 |       |       |       ||   465
         Punch             |     1 |     1 |     1 |     1 |       |       |       |       |       ||     4
         Whip              |       |    34 |       |       |       |       |       |       |       ||    34
         Battleaxe         |       |       |       |   630 |  1396 |   634 |    35 |       |       ||  2695
         Broad axe         |       |       |       |       |       |       |  1383 |  1494 |   778 ||  3655
         Labrys            |       |       |       |       |       |       |       |       |   309 ||   309
   Fire: Sling             |    23 |    74 |    21 |     1 |     5 |       |       |       |       ||   124
  Throw: Dart              |       |       |    33 |     6 |     2 |       |       |     1 |       ||    42
         Throwing net      |       |       |       |     1 |       |       |       |       |       ||     1
   Cast: Scorch            |    26 |    33 |    65 |    11 |       |       |       |       |       ||   135
 Invoke: Fiery Armour      |     1 |     2 |     1 |     4 |       |       |       |       |       ||     8
         Foxfire Swarm     |       |       |     2 |       |       |       |       |       |       ||     2
         Major Destruction |       |       |       |       |     5 |     3 |     5 |     1 |       ||    14
         Lesser Servant of |       |       |       |       |     1 |       |       |       |       ||     1
         Greater Servant o |       |       |       |       |       |    11 |    18 |    13 |    12 ||    54
  Evoke: Wand              |       |       |    21 |    30 |    27 |    19 |    29 |    19 |       ||   145
         Phantom mirror    |       |       |       |       |     1 |     3 |     3 |     2 |     2 ||    11
         Condenser vane    |       |       |       |       |     1 |     2 |     4 |     1 |     1 ||     9
         Box of beasts     |       |       |       |       |     1 |       |       |       |       ||     1
         Lightning rod     |       |       |       |       |       |     9 |    14 |     7 |     7 ||    37
    Use: Scroll            |       |     4 |     6 |     5 |    13 |     7 |    19 |     9 |    16 ||    79
         Potion            |       |       |       |     5 |       |     8 |     3 |     7 |     8 ||    31
   Stab: Invisible         |       |       |       |     2 |       |     5 |       |     2 |       ||     9
         Petrified         |       |       |       |       |     5 |    15 |       |       |       ||    20
         Distracted        |       |       |       |       |     2 |     2 |     3 |     5 |     4 ||    16
         Sleeping          |       |       |       |       |       |     2 |       |       |       ||     2
         Paralysed         |       |       |       |       |       |     1 |       |       |       ||     1
         Confused          |       |       |       |       |       |       |     1 |       |       ||     1
 Armour: Robe              |     8 |       |       |       |       |       |       |       |       ||     8
         Scale mail        |    16 |    74 |    39 |       |       |       |       |       |       ||   129
         Chain mail        |       |       |    44 |   436 |   444 |       |       |       |       ||   924
         Plate armour      |       |       |       |       |   413 |   511 |   839 |   632 |   158 ||  2553
         Gold dragon scale |       |       |       |       |       |       |       |       |   285 ||   285
  Dodge: Dodged            |    44 |    70 |    66 |   349 |   585 |   339 |   370 |   335 |   398 ||  2556
         Repelled          |       |       |       |       |       |       |       |     6 |    43 ||    49
  Block: Buckler           |       |       |     6 |    15 |       |       |   146 |       |       ||   167
         Kite shield       |       |       |       |       |       |       |   343 |   531 |   810 ||  1684
         Tower shield      |       |       |       |       |       |       |   189 |   430 |       ||   619

Table legend: (Time is in decaauts)
 A = Elapsed time spent in this place.
 B = Non-inter-level travel time spent in this place.
 C = Inter-level travel time spent in this place.
 D = Time resting spent in this place.
 E = Time spent auto-exploring this place.
 F = Levels seen in this place.
 G = Mean time per level.
                   A        B        C        D        E       F      G
               +--------+--------+--------+--------+--------+-----+--------+
         Total |  69358 |  59414 |   9944 |   6761 |  34251 |  51 | 1360.0 |
       Dungeon |  20426 |  16835 |   3591 |   1251 |  12313 |  15 | 1361.7 |
        Temple |      1 |      1 |      0 |      0 |      0 |   1 |    1.0 |
          Lair |  10572 |   9364 |   1208 |   1766 |   5331 |   5 | 2114.4 |
        Shoals |   6525 |   6001 |    524 |   1743 |   2549 |   4 | 1631.2 |
     Snake Pit |   5970 |   4707 |   1263 |    192 |   2461 |   4 | 1492.5 |
  Orcish Mines |   2583 |   1996 |    587 |    322 |   1070 |   2 | 1291.5 |
   Elven Halls |   2760 |   2289 |    471 |      0 |   1417 |   2 | 1380.0 |
        Vaults |   9519 |   8389 |   1130 |    600 |   4251 |   5 | 1903.8 |
        Depths |   5441 |   4541 |    900 |    581 |   2488 |   4 | 1360.2 |
           Zot |   4025 |   3760 |    265 |    294 |   1608 |   5 |  805.0 |
         Trove |    162 |    162 |      0 |      0 |     22 |   1 |  162.0 |
         Sewer |    702 |    702 |      0 |      0 |    413 |   1 |  702.0 |
       Volcano |    621 |    621 |      0 |     11 |    318 |   1 |  621.0 |
        Wizlab |     44 |     44 |      0 |      0 |      6 |   1 |   44.0 |
               +--------+--------+--------+--------+--------+-----+--------+

Top non-repeatable levels by time:
  Lair:3: 3155 daAuts
Vaults:5: 2521 daAuts
Vaults:1: 2403 daAuts
     D:9: 2202 daAuts
Shoals:1: 2165 daAuts
Shoals:3: 2157 daAuts
  Lair:4: 2134 daAuts
 Snake:3: 2117 daAuts
     D:8: 2010 daAuts
  Lair:5: 2003 daAuts
     D:5: 1921 daAuts
  Lair:1: 1809 daAuts
   Zot:5: 1762 daAuts
Vaults:2: 1694 daAuts
Depths:4: 1655 daAuts
